 Dungeon Crawl Stone Soup version 0.22-a0-166-g5351223 (webtiles) character file.

60 mortelune the Chiller (level 3, -9/24 HPs)
             Began as a Demonspawn Ice Elementalist on Feb 14, 2018.
             Killed from afar by Gorglomux's ghost (22 damage)
             ... with a flame tongue
             ... on level 3 of the Dungeon.
             The game lasted 00:05:08 (2535 turns).

mortelune the Chiller (Demonspawn Ice Elementalist) Turns: 2535, Time: 00:05:09

Health: -9/24      AC:  4    Str:  8    XL:     3   Next: 82%
Magic:  1/6        EV: 14    Int: 17    God:
Gold:   71         SH:  0    Dex: 13    Spells: 1/7 levels left

rFire    . . .     SeeInvis .   h - +0 spear
rCold    . . .     Gourm    .   (no shield)
rNeg     . . .     Faith    .   a - +0 robe
rPois    .         Spirit   .   (no helmet)
rElec    .         Reflect  .   j - +0 cloak
rCorr    .         Harm     .   f - +0 pair of gloves
MR       .....                  (no boots)
Stlth    ++........             (no amulet)
HPRegen  0.08/turn              (no ring)
MPRegen  0.10/turn              (no ring)

@: no status effects
A: repulsion field 1, powered by pain 1
a: no special abilities


You were on level 3 of the Dungeon.
You were not hungry.

You visited 1 branch of the dungeon, and saw 3 of its levels.

You collected 71 gold pieces.

Inventory:

Hand Weapons
 h - a +0 spear (weapon)
Missiles
 o - 6 curare-tipped needles
Armour
 a - a +0 robe (worn)
 f - a +0 pair of gloves (worn)
 j - a +0 cloak (worn)
Scrolls
 e - a scroll of fear
 g - 2 scrolls of remove curse
 i - a scroll of identify {unknown}
 k - a scroll of enchant armour {unknown}
 l - a scroll of amnesia {unknown}
 m - a scroll of teleportation
Potions
 d - 2 potions of magic {unknown}
 n - a potion of brilliance {unknown}
Books
 b - a book of Frost

   Spells                             Type                      Level
   a - Freeze                         Ice                          1
   b - Throw Frost                    Conjuration/Ice              2
   c - Ozocubu's Armour               Charms/Ice                   3
   d - Throw Icicle                   Conjuration/Ice              4
   e - Summon Ice Beast               Ice/Summoning                4
Comestibles
 c - 6 rations
 p - 4 chunks of flesh


   Skills:
 - Level 2.0 Dodging
 - Level 1.7 Stealth
 + Level 2.6 Spellcasting
 + Level 1.7 Conjurations
 * Level 3.5 Ice Magic


You had one spell level left.
You knew the following spells:

 Your Spells              Type           Power        Failure   Level  Hunger
a - Freeze                Ice            ##..         4%          1    #......
b - Throw Frost           Conj/Ice       ##....       10%         2    ##.....
c - Ozocubu's Armour      Chrm/Ice       #.......     26%         3    ###....


Dungeon Overview and Level Annotations

Branches:
Dungeon (3/15)

Altars:
Sif Muna
Uskayaw
Wu Jian

Annotations:
D:3 Gorglomux's ghost, amateur DEFE


Innate Abilities, Weirdness & Mutations

You are surrounded by a mild repulsion field. (EV +2)
You sometimes gain a little power by taking damage.


Message History

Gorglomux's ghost barely misses you.
Casting: Freeze (safe; 4% risk of failure)
Confirm with . or Enter, or press ? or * to list all spells.
Aiming: Freeze (safe; 4% risk of failure)
Press: ? - help, Shift-Dir - straight line, f/p - Gorglomux's ghost
Aim: Gorglomux's ghost (severely damaged)
You freeze Gorglomux's ghost.
Gorglomux's ghost is severely damaged.
Gorglomux's ghost hits you but does no damage.
Casting: Freeze (safe; 4% risk of failure)
Confirm with . or Enter, or press ? or * to list all spells.
Aiming: Freeze (safe; 4% risk of failure)
Press: ? - help, Shift-Dir - straight line, f/p - Gorglomux's ghost
Aim: Gorglomux's ghost (severely damaged)
You freeze Gorglomux's ghost.
Gorglomux's ghost is severely damaged.
Gorglomux's ghost points at you and mumbles some strange words.
The flame tongue hits you!
Ouch! That really hurt!
You die...

#.# #..# #.# #. .#
#..# ##.####.####.#
#..# #........o...#
#..# #..## #.
#..########..#
#...###. #..
.........## #..#.<##.
#.# #####......
#.###.##.###[# #....##
#. ..##W@...# #..####
.. ..#######.# #..# #
## ..# #.# #..# # #..
#.# #.รท# # #.. ##.#
#..# # #..#######>.#
#..# #
#...........#######..#
##.#####.............#
##..#########.#


You could see Gorglomux's ghost.

Vanquished Creatures
  2 adders
  A worm (D:2)
  A dart slug (D:1)
  2 leopard geckos (D:3)
  An orc (D:3)
  2 giant cockroaches
  3 goblins (D:2)
  6 hobgoblins
  2 kobolds (D:1)
  7 bats
  5 frilled lizards
  3 rats
35 creatures vanquished.

Notes
Turn   | Place    | Note
-------+----------+-------------------------------------------
     0 | D:1      | mortelune the Demonspawn Ice Elementalist began the quest for the Orb.
     0 | D:1      | Reached XP level 1. HP: 13/13 MP: 3/3
   641 | D:1      | Gained mutation: You are surrounded by a mild repulsion field. (EV +2) [demonic ancestry]
   641 | D:1      | Reached XP level 2. HP: 19/19 MP: 3/5
   645 | D:1      | Learned a level 2 spell: Throw Frost
   860 | D:1      | Reached skill level 3 in Ice Magic
  1532 | D:2      | Gained mutation: You sometimes gain a little power by taking damage. [demonic ancestry]
  1532 | D:2      | Reached XP level 3. HP: 16/24 MP: 0/6
  1817 | D:2      | Learned a level 3 spell: Ozocubu's Armour
  1900 | D:2      | Found a deep blue altar of Sif Muna.
  1901 | D:2      | Found a hide-covered altar of Uskayaw.
  1902 | D:2      | Found an ornate altar of the Wu Jian Council.
  2530 | D:3      | Noticed Gorglomux's ghost (amateur DEFE)
  2535 | D:3      | Killed from afar by Gorglomux's ghost

Vault maps used:
D:1:      sevenhm_arrival_forest_fort_large_4, kennysheep_doodads
D:2:      grunt_temple_overflow_open, first_ration, minmay_liquid_box,
          hangedman_decor_peaks_small

Skill      XL: |  1  2 |
---------------+-------+-----
Dodging        | 2 |  2.0
Ice Magic      | 3 |  3.5
Stealth        | |  1.7
Spellcasting   | |  2.6
Conjurations   | |  1.7

Action                   || total
-------------------------++-------
Melee: Unarmed           ||     4
       Spear             ||     8
 Cast: Freeze            ||    62
       Throw Frost       ||     6
  Use: Scroll            ||     3
  Eat: Chunk             ||     6
Armor: Robe              ||    16
Dodge: Dodged            ||    42

Table legend:
 A = Spawn XP
 B = Non-spawn XP
 C = Spawn XP percentage of total XP
 D = Spawn monster count
 E = Non-spawn monster count
 F = Spawn count percentage of total count
 G = Total turns spent on level
                    A         B        C        D         E        F      G
               +---------+---------+-------+---------+---------+-------+---------
         Total |       0 |      87 |   0.0 |       0 |      35 |   0.0 |  2535
               +---------+---------+-------+---------+---------+-------+---------
           D:1 |       0 |      18 |   0.0 |       0 |      11 |   0.0 |  1152
           D:2 |       0 |      41 |   0.0 |       0 |      16 |   0.0 |  1131
           D:3 |       0 |      28 |   0.0 |       0 |       8 |   0.0 |   252
               +---------+---------+-------+---------+---------+-------+---------
